 Dungeon Crawl Stone Soup version 0.29-a0-25-g7f48f510a0 (webtiles) character file.

Game seed: 2033174011648465107

1673 HallandMoats the Blob (level 8, -7/64 HPs)
             Began as a Demonspawn Fighter on Jan 31, 2022.
             Was a High Priest of Jiyva.
             Mangled by a kobold brigand (9 damage)
             ... on level 7 of the Dungeon.
             The game lasted 00:05:11 (4828 turns).

HallandMoats the Blob (Demonspawn Fighter)          Turns: 4828, Time: 00:05:11

Health: -7/64      AC:  8    Str: 16    XL:     8   Next: 70%
Magic:  13/13      EV: 14    Int: 10    God:    Jiyva [*****.]
Gold:   132        SH:  6    Dex: 19    Spells: 7/7 levels left

rFire   . . .      SeeInvis .   a - +0 war axe
rCold   . . .      Faith    .   c - +0 buckler
rNeg    . . .      Spirit   .   b - +0 scale mail
rPois   .          Reflect  .   (no helmet)
rElec   .          Harm     .   (no cloak)
rCorr   +          Rampage  .   (no gloves)
Will    .....                   (no boots)
Stlth   ..........              (no amulet)
HPRegen 1.64/turn               s - +4 ring of evasion
MPRegen 0.71/turn               (no ring)

@: mighty, lethally poisoned (-7 -> -12), slowed, very slow
A: magic regeneration, sharp scales 1, weakness stinger 2, hooves 2, agile 2,
jelly absorbing missiles, MP-powered wands, engulf
a: Renounce Religion, Oozemancy, Slimify


You were on level 7 of the Dungeon.
You worshipped Jiyva.
Jiyva was extremely pleased with you.
You visited 1 branch of the dungeon, and saw 7 of its levels.

You collected 162 gold pieces.
You spent 30 gold pieces at shops.

Inventory:

Hand Weapons
 a - a +0 war axe (weapon)
Missiles
 u - a throwing net (quivered)
Armour
 b - a +0 scale mail (worn)
 c - a +0 buckler (worn)
 w - a +0 helmet
Jewellery
 l - a ring of wizardry
 s - a +4 ring of evasion (left hand)
 v - a ring of see invisible
Wands
 f - a wand of charming (12)
 m - a wand of flame (18)
Scrolls
 e - a scroll of teleportation
 g - a scroll of torment {unknown}
 h - a scroll of immolation {unknown}
 i - a scroll of noise {unknown}
 j - 2 scrolls of magic mapping {unknown}
 o - a scroll of fog {unknown}
 p - a scroll of blinking {unknown}
 r - a scroll of fear {unknown}
 x - a scroll of identify
Potions
 d - a potion of might
 k - 2 potions of curing
 n - a potion of magic
 q - a potion of mutation {unknown}
 t - a potion of attraction {unknown}


   Skills:
 * Level 6.0 Fighting
 * Level 5.0 Axes
 + Level 4.3 Armour
 + Level 3.0 Dodging
 + Level 4.3 Shields
 * Level 6.7 Invocations


You had 7 spell levels left.
You didn't know any spells.
Your spell library contained the following spells:

 Spells                   Type           Power      Damage    Failure   Level
 Apportation              Tloc           0%         N/A       86%         1
 Freeze                   Ice            0%         1d3       86%         1
 Frozen Ramparts          Ice            0%         1d2       99%         3
 Hailstorm                Conj/Ice       0%         3d3       100%        4
 Ice Form                 Ice/Tmut       0%         N/A       100%        4
 Summon Ice Beast         Ice/Summ       0%         N/A       100%        4
 Alistair's Intoxication  Tmut/Pois      0%         N/A       100%        5


Dungeon Overview and Level Annotations

Branches:
Dungeon (7/15)             Temple (0/1) D:5

Altars:
Ashenzari
Dithmenos
Fedhas
Hepliaklqana
Nemelex Xobeh
Qazlal
Sif Muna
Uskayaw
Vehumet
Wu Jian
Jiyva

Shops:
D:1 !

Annotations:
D:7 BubbleThief's ghost, novice DgTm


Innate Abilities, Weirdness & Mutations

You regenerate magic rapidly.
You are partially covered in razor-sharp scales. (AC +1, Slay +1)
You have a tail ending in a sharp stinger.
You have hoof-like feet.
You are very agile. (Dex +4)
You have a small jelly attached to you that may absorb projectiles.
You expend magic power (3 MP) to strengthen your wands.
Your melee attacks may engulf your foes in ooze.


Message History

Your Dodging skill increases to level 3!
You barely miss the kobold demonologist.
Your kick misses the kobold demonologist.
You slash the white imp!
You kill the white imp!
The white imp disappears in a puff of smoke!
You slash the kobold brigand! You barely miss the kobold brigand.
You slash BubbleThief's ghost!
You feel very sick.
The kobold brigand hits you with a +0 short sword of venom.
You are more poisoned.
The kobold brigand hits you but does no damage.
You block BubbleThief's ghost's attack.
The jelly hits the ice devil.
The ice devil is splashed with acid.
The ice devil seems to be corroded for longer.
The kobold demonologist closely misses you.
The kobold brigand throws a curare-tipped dart.
The curare-tipped dart hits you.
You are more poisoned.
You have difficulty breathing.
* * * LOW HITPOINT WARNING * * *
You feel yourself slow down. The kobold brigand barely misses you.
You closely miss the kobold demonologist.
You kick the kobold demonologist! You tail-slap the kobold demonologist!
The kobold demonologist is heavily wounded.
You hit BubbleThief's ghost.
You hit the kobold brigand but do no damage.
You slash the kobold brigand!
You kill the kobold brigand!
* * * LOW HITPOINT WARNING * * *
You feel extremely sick. You block BubbleThief's ghost's attack.
The kobold brigand hits you with a +2 rapier of venom.
* * * LOW HITPOINT WARNING * * *
The jelly hits BubbleThief's ghost but does no damage.
The kobold brigand hits the jelly with a +1 dagger of venom!
The acid corrodes the kobold brigand!
The kobold brigand is burned by acid!
The jelly barely misses the kobold brigand.
The kobold brigand hits you with a +2 rapier of venom!
You die...

..........#.....##....###
..#...#.#.##....##......#
.######..........#..#..### ### .#
###.............##....###.##
.###...............####..##...#
..##..........................#
..#.................#......<..#
..............#####.#.........###
.............##)@K##.#...........
.......>....##.KWKK##.#.........#
........##.##.#J.J#.#.#.#.###.###
...........##⌠J#4#.⌠#....###.....
............#.#.J.#.#........)...
....#......###.J...##....#.......
....#......#.##'''##....##)#.....
.........................#.##....
...............................##


You could see an ice devil (summoned, corroded), a kobold demonologist, 3 kobold
brigands, BubbleThief's ghost and 5 neutral jellies(fellow slime).

Vanquished Creatures
  Menkaure (D:4)
  A water moccasin (D:6)
  An ice beast (D:6)
  2 black bears
  A necrophage (D:4)
  A centaur (D:7)
  4 kobold brigands (D:7)
  A bullfrog (D:6)
  2 scorpions
  2 water moccasin skeletons
  A wight (D:7)
  4 howler monkeys
  An iguana (D:4)
  2 orc wizards (D:6)
  6 adders
  A worm (D:3)
  2 dart slugs
  5 orcs
  An endoplasm (D:1)
  3 giant cockroaches
  6 goblins
  6 hobgoblins
  4 kobolds
  4 quokkas
  3 ball pythons
  2 bats
  3 frilled lizards
  2 rats
72 creatures vanquished.

Vanquished Creatures (collateral kills)
  An orc warrior (D:7)
  A wyvern skeleton (D:7)
  A wight (D:7)
  An orc priest (D:7)
  A centaur skeleton (D:7)
  An orc wizard (D:7)
6 creatures vanquished.

Vanquished Creatures (others)
  A black bear (D:5)
  2 ogres (D:5)
  A kobold brigand (D:7)
  A bullfrog (D:4)
  2 scorpions (D:4)
  8 jellies
  2 hounds
  2 iguanas (D:4)
  A river rat (D:5)
  2 adders (D:4)
  An ufetubus (D:5)
  2 worms
  A dart slug (D:4)
  An orc (D:4)
  4 ball pythons (D:4)
  A bat (D:3)
  3 endoplasms
  2 giant cockroaches (D:5)
  3 hobgoblins
  2 quokkas
  3 goblins (D:4)
  4 kobolds
  4 rats
  13 fungi (D:5)
  3 toadstools (D:5)
69 creatures vanquished.

Grand Total: 147 creatures vanquished

Notes
Turn   | Place    | Note
-------+----------+-------------------------------------------
     0 | D:1      | HallandMoats the Demonspawn Fighter began the quest for the
                  | Orb.
     0 | D:1      | Reached XP level 1. HP: 18/18 MP: 1/1
   150 | D:1      | Gained mutation: You have a small tail. [demonic ancestry]
   150 | D:1      | Reached XP level 2. HP: 19/24 MP: 2/2
   224 | D:1      | Reached skill level 1 in Invocations
   332 | D:1      | Found a faded altar of an unknown god.
   344 | D:1      | Prayed at the altar of an unknown god.
   344 | D:1      | Became a worshipper of Jiyva Jeomao the Shapeless
   344 | D:1      | Reached * piety under Jiyva
   357 | D:1      | Found Bar Omp's Distillery.
  1040 | D:1      | Bought a potion of curing for 30 gold pieces
  1264 | D:2      | Reached ** piety under Jiyva
  1412 | D:2      | Reached XP level 3. HP: 10/29 MP: 2/4
  1738 | D:3      | Found a shimmering blue altar of Sif Muna.
  2004 | D:3      | Reached *** piety under Jiyva
  2066 | D:3      | Found a sparkling altar of Nemelex Xobeh.
  2103 | D:3      | Found a hide-covered altar of Uskayaw.
  2104 | D:3      | Found a hazy altar of Hepliaklqana.
  2222 | D:4      | Gained mutation: You have a small jelly attached to you
                  | that senses nearby items. [Jiyva's grace]
  2222 | D:4      | Gained mutation: You expend magic power (3 MP) to
                  | strengthen your wands. [Jiyva's grace]
  2222 | D:4      | Gained mutation: You have large cloven feet. [Jiyva's
                  | grace]
  2222 | D:4      | Gained mutation: You have hoof-like feet. [Jiyva's grace]
  2230 | D:4      | Reached XP level 4. HP: 34/36 MP: 5/5
  2249 | D:4      | Reached skill level 1 in Dodging
  2249 | D:4      | Gained mutation: You are partially covered in razor-sharp
                  | scales. (AC +1, Slay +1) [demonic ancestry]
  2249 | D:4      | Reached XP level 5. HP: 39/42 MP: 5/7
  2312 | D:4      | Found a stormy altar of Qazlal.
  2322 | D:4      | Noticed Menkaure
  2326 | D:4      | Killed Menkaure
  2362 | D:4      | Noticed a necrophage
  2369 | D:4      | Killed a necrophage
  2370 | D:4      | Gained mutation: You have a tail ending in a sharp stinger.
                  | [demonic ancestry]
  2370 | D:4      | Reached XP level 6. HP: 48/48 MP: 8/8
  2416 | D:4      | Found an ornate altar of the Wu Jian Council.
  2424 | D:4      | Reached **** piety under Jiyva
  2761 | D:5      | Entered Level 5 of the Dungeon
  2831 | D:5      | Found a staircase to the Ecumenical Temple.
  3365 | D:5      | Reached ***** piety under Jiyva
  3718 | D:6      | Noticed a water moccasin
  3723 | D:6      | Killed a water moccasin
  3724 | D:6      | Reached XP level 7. HP: 55/55 MP: 10/10
  3737 | D:6      | Found a blossoming altar of Fedhas.
  3749 | D:6      | Found a shadowy altar of Dithmenos.
  3873 | D:6      | Found a radiant altar of Vehumet.
  3873 | D:6      | Lost mutation: You have a small jelly attached to you that
                  | senses nearby items. [Jiyva's grace]
  3873 | D:6      | Gained mutation: You have a small jelly attached to you
                  | that may absorb projectiles. [Jiyva's grace]
  3873 | D:6      | Gained mutation: You are agile. (Dex +2) [Jiyva's grace]
  3873 | D:6      | Gained mutation: You are very agile. (Dex +4) [Jiyva's
                  | grace]
  3873 | D:6      | Gained mutation: Your melee attacks may engulf your foes in
                  | ooze. [Jiyva's grace]
  3896 | D:6      | Found a broken altar of Ashenzari.
  4246 | D:6      | Reached skill level 5 in Invocations
  4279 | D:6      | Reached skill level 5 in Fighting
  4391 | D:7      | Found a runed translucent gate.
  4391 | D:7      | Noticed BubbleThief's ghost (novice DgTm)
  4392 | D:7      | Noticed a kobold demonologist
  4392 | D:7      | Found a runed translucent gate.
  4393 | D:7      | Found a runed translucent gate.
  4519 | D:7      | Gained mutation: You regenerate magic rapidly. [demonic
                  | ancestry]
  4519 | D:7      | Reached XP level 8. HP: 11/58 MP: 12/12
  4821 | D:7      | Noticed an ice devil
  4827 | D:7      | Reached skill level 5 in Axes
  4828 | D:7      | HP: 2/64 [kobold brigand (5)]
  4828 | D:7      | Mangled by a kobold brigand

Illustrated notes

Levels and vault maps discovered:
D:1:      erik_arrival_cave_to_civilisation [erik_arrival_cave_to_hall],
          layout_basic, ebering_ecumenical_altar_ruins, serial_shops, shop,
          st_stairs_1, moated_statue
D:2:      layout_loops_ring
D:3:      layout_loops_ring, nemelex_diamond_rough_becter,
          amcnicky_altar_gilded, nicolae_overflow_hidden_temple,
          minmay_fractal_squares_gapless_5
D:4:      layout_rooms, overflow_temple_1_default,
          nicolae_qazlal_scattered_showers, fountainhead, nzn_random_ring,
          uniq_menkaure
D:5:      layout_loops_corners, minmay_temple_entry_wispy,
          gup_sewer_entry_bubbles, minmay_gold_behind_fungi, st_stairs_2
D:6:      layout_cave_pods, amethyst_overflow_temple_binary,
          nicolae_vehumet_altar_sigil, mainiacjoe_overflow_boulevard,
          chequers_serial_rivers_micro_a
D:7:      layout_cave_pools, gammafunk_ghost_nasty_kobolds

Skill      XL: |  1  2  3  4  5  6  7  8 |
---------------+-------------------------+-----
Axes           | 2 3 4 5 |  5.0
Invocations    | 1 2 3 4 5 6 |  6.7
Armour         | 3 4 |  4.3
Shields        | 3 4 |  4.3
Dodging        | 1 2 3 |  3.0
Fighting       | 4 5 6 |  6.0

Action                   |  1- 3 |  4- 6 |  7- 9 || total
-------------------------+-------+-------+-------++-------
Melee: War axe           |    92 |    55 |    58 ||   205
       Tailslap          |     6 |    13 |     9 ||    28
       Kick              |       |    15 |    28 ||    43
  Use: Potion            |     1 |       |     1 ||     2
       Scroll            |       |     3 |       ||     3
Armor: Scale mail        |    29 |    22 |    67 ||   118
Dodge: Dodged            |    44 |    31 |   119 ||   194
Block: Buckler           |    19 |    14 |    40 ||    73

Table legend: (Time is in decaauts)
 A = Elapsed time spent in this place.
 B = Non-inter-level travel time spent in this place.
 C = Inter-level travel time spent in this place.
 D = Time resting spent in this place.
 E = Time spent auto-exploring this place.
 F = Levels seen in this place.
 G = Mean time per level.
                   A        B        C        D        E       F      G
               +--------+--------+--------+--------+--------+-----+--------+
         Total |   4942 |   4650 |    292 |     20 |   3969 |   7 |  706.0 |
       Dungeon |   4942 |   4650 |    292 |     20 |   3969 |   7 |  706.0 |
               +--------+--------+--------+--------+--------+-----+--------+

Top non-repeatable levels by time:
     D:1: 1076 daAuts
     D:5: 916 daAuts
     D:6: 712 daAuts
     D:3: 592 daAuts
     D:2: 590 daAuts
     D:4: 555 daAuts
     D:7: 500 daAuts
